 Dungeon Crawl Stone Soup version 0.28.0-47-ge53b351184 (webtiles) character file.

Game seed: 14147545229523242607

169 bobregger the Cudgeller (level 5, 0/54 HPs)
             Began as an Ogre Berserker on May 4, 2022.
             Was a Believer of Trog.
             Killed from afar by Sigmund (7 damage)
             ... with a magic dart
             ... on level 3 of the Dungeon.
             The game lasted 00:03:54 (4255 turns).

bobregger the Cudgeller (Ogre Berserker)            Turns: 4255, Time: 00:03:54

Health: 0/54       AC:  4    Str: 21    XL:     5   Next: 50%
Magic:  5/5        EV: 10    Int:  8    God:    Trog [**....]
Gold:   121        SH:  0    Dex: 10    Spells: 4/4 levels left

rFire   + . .      SeeInvis .   a - +0 mace
rCold   . . .      Faith    .   (no shield)
rNeg    . . .      Spirit   .   b - +0 animal skin
rPois   .          Reflect  .   (helmet restricted)
rElec   .          Harm     .   j - +0 cloak
rCorr   .          Rampage  .   (gloves unavailable)
Will    .....                   (boots unavailable)
Stlth   +.........              (no amulet)
HPRegen 0.18/turn               i - ring of protection from fire
MPRegen 0.09/turn               (no ring)

@: on berserk cooldown, slowed, very slow
A: large, unfitting armour, tough skin 1
a: Renounce Religion, Berserk, Trog's Hand


You were on level 3 of the Dungeon.
You worshipped Trog.
Trog was pleased with you.
You visited 1 branch of the dungeon, and saw 3 of its levels.

You collected 121 gold pieces.

Inventory:

Hand Weapons
 a - a +0 mace (weapon)
Armour
 b - a +0 animal skin (worn)
 j - a +0 cloak (worn)
Jewellery
 i - a ring of protection from fire (left hand)
Scrolls
 c - a scroll of noise {unknown}
 d - 3 scrolls of identify {unknown}
 e - a scroll of silence {unknown}
 k - a scroll of fear {unknown}
 m - 2 scrolls of teleportation {unknown}
Potions
 f - a potion of berserk rage {unknown}
 g - a potion of mutation {unknown}
 h - a potion of curing {unknown}
 l - 2 potions of magic {unknown}
 n - 3 potions of haste {unknown}


   Skills:
 - Level 4.0 Fighting
 + Level 5.5 Maces & Flails
 - Level 2.6 Dodging


You had 4 spell levels left.
You didn't know any spells.
Your spell library was empty.

Dungeon Overview and Level Annotations

Branches:
Dungeon (3/15)

Altars:

Shops:
D:1 *

Annotations:
D:3 Sigmund


Innate Abilities, Weirdness & Mutations

You are too large for most types of armour.
You have tough skin. (AC +1)


Message History

Something hits you! Something burns you. The iguana barely misses you.
You bludgeon the iguana!!
You kill the iguana!
Trog accepts your kill. Something hits you. Something burns you.
There is an open door, spattered with blood here.
You feel a strong urge to attack something.
You completely miss something. Something hits you! Something burns you.
You barely miss something. You closely miss something.
You feel the effects of Trog's Hand fading.
You hear some strange, mumbled words.
A puff of flame appears from out of thin air!
The puff of flame hits you. You resist.
You barely miss something.
You hear some strange, mumbled words.
Something tries to affect you, but you resist.
You sock something! Something hits you.
You hit something. You sock something! Something hits you!
* * * LOW HITPOINT WARNING * * *
Something burns you.
* * * LOW HITPOINT WARNING * * *
You closely miss something.
You are no longer berserk.
You are exhausted.
You feel yourself slow down.
You barely miss something. Your punch misses something.
Your skin stops crawling.
You feel less strong-willed. Something hits you but does no damage.
You hit something. Something hits you.
* * * LOW HITPOINT WARNING * * *
You barely miss something. Something hits you.
* * * LOW HITPOINT WARNING * * *
Something burns you.
* * * LOW HITPOINT WARNING * * *
You hear some strange, mumbled words.
A magic dart appears from out of thin air!
The magic dart hits you!
You die...

#.# #.#.# #.# #.#.# #.#
#.#.. ##+# #.# #....
##.!.# ##.## #####
#.....# ##...# .......##
##....#
........####..)..#######
...)...@'...............
.......{####......######
.......## ##).....#
#.....# #.......# #
##...# #......## ## ##+#
#.#...## ##. #.##.## #..
#. ### ##. #..


There were no monsters in sight!

Vanquished Creatures
  An iguana (D:3)
  3 gnolls (D:3)
  3 adders
  3 worms
  3 dart slugs
  An orc (D:3)
  10 ball pythons
  3 bats
  8 endoplasms
  4 giant cockroaches
  3 goblins
  9 hobgoblins
  4 jackals (D:2)
  2 quokkas (D:1)
  4 frilled lizards
  6 kobolds
  3 rats
70 creatures vanquished.

Notes
Turn   | Place    | Note
-------+----------+-------------------------------------------
     0 | D:1      | bobregger the Ogre Berserker began the quest for the Orb.
     0 | D:1      | Reached XP level 1. HP: 24/24 MP: 1/1
     1 | D:1      | Noticed a barachi
     2 | D:1      | Noticed a merfolk zombie
     4 | D:1      | Noticed a troll
     6 | D:1      | Noticed a minotaur zombie
    11 | D:1      | Noticed a merfolk zombie
    15 | D:1      | Noticed a troll
    15 | D:1      | Noticed a vampire
    19 | D:1      | Noticed a vampire
    47 | D:1      | Reached skill level 3 in Maces & Flails
   171 | D:1      | Reached XP level 2. HP: 22/32 MP: 2/2
   483 | D:1      | Found a faded altar of an unknown god.
   588 | D:1      | Found Jiequtom's Assorted Antiques.
   635 | D:1      | Reached XP level 3. HP: 26/39 MP: 3/3
  1516 | D:2      | Reached skill level 4 in Maces & Flails
  1709 | D:2      | Reached ** piety under Trog
  2105 | D:2      | Reached XP level 4. HP: 25/48 MP: 4/4
  2941 | D:3      | Reached skill level 5 in Maces & Flails
  3653 | D:3      | Reached XP level 5. HP: 40/54 MP: 5/5
  4230 | D:3      | Noticed Sigmund
  4255 | D:3      | Killed from afar by Sigmund

Illustrated notes

Levels and vault maps discovered:
D:1:      shiori_arrival_whats_in_store_for_you, layout_loops_ring,
          serial_shops, nicolae_shop_overgrown_old_shop,
          ebering_ecumenical_altar_abandoned, minivault_19,
          minmay_misc_feat_diagonals, st_stairs_2, minmay_misc_feat_room,
          minmay_tetromino_o4
D:2:      layout_basic, minmay_split_cup_small
D:3:      layout_loops_corners, uniq_grinder, uniq_sigmund

Skill      XL: |  1  2  3  4 |
---------------+-------------+-----
Maces & Flails | 3 4 5 |  5.5
Fighting       | |  4.0
Dodging        | |  2.6

Action                   |  1- 3 |  4- 6 || total
-------------------------+-------+-------++-------
Melee: Mace              |   125 |    99 ||   224
       Punch             |     1 |       ||     1
Invok: Berserk           |     3 |     3 ||     6
       Trog's Hand       |       |     2 ||     2
 Stab: Sleeping          |       |     1 ||     1
Armor: Animal skin       |    42 |    27 ||    69
Dodge: Dodged            |    82 |    50 ||   132
